 Dungeon Crawl Stone Soup version 0.17-a0-1804-gf6433eb (webtiles) character file.

10551 shakdrar the Blocker (level 11, -1/99 HPs)
             Began as a Minotaur Fighter on Sept 11, 2015.
             Was a Follower of Ashenzari.
             Slain by Nergalle
             ... wielding a +0 dagger
              (3 damage)
             ... on level 3 of the Orcish Mines.
             The game lasted 00:50:35 (13147 turns).

shakdrar the Blocker (Minotaur Fighter)            Turns: 13147, Time: 00:50:35

Health: -1/99      AC: 16    Str: 22    XL:     11   Next: 37%
Magic:  11/14      EV:  8    Int:  8    God:    Ashenzari [*.....]
Gold:   985        SH: 11    Dex:  9    Spells: 0 memorised, 10 levels left

rFire  . . .     SeeInvis +     a - +0 war axe
rCold  + . .     Clarity  .     H - +1 scale mail {MR+}
rNeg   . . .     SustAt   .     c - +1 shield
rPois  .         Gourm    .     t - +2 hat
rElec  .         Spirit   .     s - +0 cloak
rCorr  .         Warding  .     y - +1 pair of gloves {archery}
rMut   .         Stasis   .     k - +1 pair of boots
MR     +....                    (no amulet)
Stlth  ..........               (no ring)
                                u - ring of see invisible

@: heavily drained, somewhat resistant to hostile enchantments, extremely
unstealthy
A: retaliatory headbutt, hooves 1, horns 2, cold resistance 1, MP-powered wands
a: Scrying, Renounce Religion


You were on level 3 of the Orcish Mines.
You worshipped Ashenzari.
Ashenzari was aware of your devotion.
You were full.

You visited 4 branches of the dungeon, and saw 17 of its levels.

You collected 985 gold pieces.

Inventory:

Hand weapons
 a - a +0 war axe (weapon)
 b - a +0 demon blade
 E - a +0 blowgun
Missiles
 F - 6 poisoned needles
Armour
 c - a +1 shield (worn)
 k - a +1 pair of boots (worn)
 s - a +0 cloak (worn)
 t - a +2 hat (worn)
 y - a +1 pair of gloves of archery (worn)
 H - a +1 scale mail of magic resistance (worn)
Rods
 C - a -2 lightning rod (14/14)
   (You found it on level 8 of the Dungeon)
Jewellery
 o - a cursed ring of teleportation
 u - a ring of see invisible (left hand)
 x - an uncursed ring of flight
 z - an uncursed ring of poison resistance
 J - an uncursed ring of sustain attributes
Magical devices
 f - a wand of flame (17)
 v - a wand of slowing (25)
 A - a wand of digging (4)
 B - a wand of polymorph (15)
Scrolls
 i - 7 scrolls of identify
 l - 2 scrolls of fear
 m - a scroll of remove curse
 G - 3 scrolls of recharging
 I - a scroll of blinking {unknown}
Potions
 g - a potion of mutation
 h - a potion of ambrosia {unknown}
 p - a potion of flight
 D - a potion of haste {unknown}
 K - a potion of brilliance
Books
 j - an Akashic Record

   Spells                             Type                      Level
   a - Dispersal                      Translocation                6
   b - Controlled Blink               Translocation                7
   c - Malign Gateway                 Summoning/Translocation      7
   d - Disjunction                    Translocation                8
 w - a book of Callings

   Spells                             Type                      Level
   a - Summon Small Mammal            Summoning                    1
   b - Call Imp                       Summoning                    2
   c - Call Canine Familiar           Summoning                    3
   d - Summon Guardian Golem          Hexes/Summoning              3
   e - Summon Lightning Spire         Summoning/Air                4
   f - Summon Ice Beast               Ice/Summoning                4
Comestibles
 e - 10 bread rations
 r - 2 fruits


   Skills:
 + Level 9.8(7.2) Fighting
 + Level 9.3(6.8) Axes
 - Level 7.0(4.5) Throwing
 + Level 9.9(7.2) Armour
 + Level 10.0(7.4) Shields
 - Level 6.0(3.6) Evocations


You had 10 spell levels left.
You didn't know any spells.

Dungeon Overview and Level Annotations

Branches:
Dungeon (10/15)            Temple (1/1) D:6            Lair (3/8) D:8
    Orc (3/4) D:10
  Swamp: Lair:3-6    Shoals: Lair:3-6     Snake: Lair:3-6    Spider: Lair:3-6
    Elf: Orc:3-4

Altars:
Ashenzari
Cheibriados
Dithmenos
Elyvilon
Fedhas
Gozag
Kikubaaqudgha
Makhleb
Nemelex Xobeh
Okawaru
Qazlal
Ru
Sif Muna
Trog
Vehumet
Xom
Yredelemnul
Zin
The Shining One

Shops:
D:6 *

Annotations:
D:10 Fannar, Maud
Orc:2 Sonja
Orc:3 Nergalle


Innate Abilities, Weirdness & Mutations

You reflexively headbutt those who attack you in melee.
You have a pair of horns on your head.
You have large cloven feet.
Your flesh is cold resistant.
You expend magic power (3 MP) to strengthen your wands.


Message History

The spectral orc warrior is almost destroyed.
You barely miss the spectral orc.
The spectral orc is heavily damaged.
You hit the spectral orc warrior but do no damage.
The spectral orc warrior is heavily damaged.
You hit the spectral orc warrior but do no damage.
The spectral orc warrior is severely damaged.
You hit the spectral orc knight but do no damage.
You hit the spectral orc warrior but do no damage.
The spectral orc warrior is heavily damaged.
You hit the spectral orc warrior but do no damage.
The spectral orc warrior is heavily damaged.
The spectral orc warrior hits you but does no damage.
The spectral orc warrior barely misses you.
You block the spectral orc warrior's attack.
The spectral orc warrior hits you but does no damage.
You block the spectral orc warrior's attack.
The spectral orc knight hits you but does no damage.
Nergalle hits you with a dagger.
You die...

## ......#....# .$.
..........##
#.####..........#
##.##.#......$..((
##..........#.#.... .
#.........ZZ....... #.
#........ZZoZ...#.
..#####....$...Z@ZZ....#
....#..........ZZZ......
........##.........#....
......)..#...#.......#..
$......)#...#...........
####.......#............
#####.....##.>......#..
##.........##..........<
#...........##..........


You could see Nergalle, 2 spectral orcs, 7 spectral orc warriors and 2 spectral
orc knights.

Vanquished Creatures
  Erolcha (Orc:3)
  A griffon (Lair:3)
  A spiny frog (Lair:3)
  2 komodo dragons
  2 trolls
  4 blink frogs (Lair:2)
  11 yaks
  A spriggan (D:7)
  A basilisk (Lair:1)
  2 hippogriffs (Lair:2)
  3 wolves
  A warg (Orc:3)
  4 water moccasins
  A sky beast (D:8)
  3 porcupines
  2 black bears (D:9)
  3 ice beasts
  An orc warrior (D:10)
  A wasp (D:8)
  2 necrophages
  A centaur (D:7)
  4 ogres
  3 crocodiles
  The ghost of Cenon the Changer, an average VSTm (D:3)
  A big kobold (D:9)
  8 giant frogs
  A wyvern skeleton (D:9)
  3 scorpions
  An electric eel (D:8)
  2 giant frog zombies
  A centaur zombie (D:6)
  2 jellies
  2 crimson imps (D:7)
  A centaur skeleton (D:5)
  6 hounds
  A giant frog skeleton (D:8)
  3 orc priests
  6 iguanas
  6 orc wizards
  Terence (D:3)
  3 worker ants
  3 hound skeletons
  8 gnolls
  26 river rats
  10 adders
  A shadow imp (D:5)
  An ooze (D:2)
  3 worms
  2 adder skeletons
  9 giant geckos
  73 orcs
  A ball python (D:7)
  9 bats
  6 goblins
  14 hobgoblins
  10 jackals
  16 kobolds
  2 quokkas
  8 giant cockroaches
  6 giant newts
  A quokka skeleton (D:4)
  2 quokka zombies
  6 rats
  A plant (Lair:2)
322 creatures vanquished.

Vanquished Creatures (others)
  17 fungi
  14 plants
31 creatures vanquished.

Grand Total: 353 creatures vanquished

Notes
Turn   | Place    | Note
--------------------------------------------------------------
     0 | D:1      | shakdrar the Minotaur Fighter began the quest for the Orb.
     0 | D:1      | Reached XP level 1. HP: 19/19 MP: 0/0
    64 | D:1      | Reached skill level 4 in Fighting
    64 | D:1      | Reached XP level 2. HP: 24/27 MP: 1/1
   305 | D:1      | Found a glowing golden altar of the Shining One.
   569 | D:2      | Reached XP level 3. HP: 26/33 MP: 2/2
  1400 | D:2      | Reached XP level 4. HP: 37/40 MP: 3/3
  1710 | D:3      | Noticed Cenon's ghost (average VSTm)
  1718 | D:3      | Found a burning altar of Makhleb.
  1718 | D:3      | Noticed Terence
  1725 | D:3      | Reached XP level 5. HP: 25/47 MP: 4/4
  1728 | D:3      | Killed Terence
  1739 | D:3      | Killed Cenon's ghost
  1739 | D:3      | Reached skill level 5 in Fighting
  1739 | D:3      | Reached skill level 5 in Armour
  1739 | D:3      | Reached skill level 5 in Shields
  2179 | D:3      | Found a basalt altar of Yredelemnul.
  2183 | D:3      | Reached XP level 6. HP: 56/56 MP: 5/5
  2473 | D:4      | Gained mutation: Your flesh is cold resistant. [potion of mutation]
  2473 | D:4      | Gained mutation: You have large cloven feet. [potion of mutation]
  2473 | D:4      | Gained mutation: You expend magic power (3 MP) to strengthen your wands. [potion of mutation]
  2529 | D:4      | Found a radiant altar of Vehumet.
  3352 | D:4      | Reached XP level 7. HP: 52/60 MP: 6/6
  3436 | D:5      | Entered Level 5 of the Dungeon
  3567 | D:5      | Reached skill level 5 in Axes
  3567 | D:5      | Reached skill level 6 in Shields
  4090 | D:6      | Found a staircase to the Ecumenical Temple.
  4099 | Temple   | Entered the Ecumenical Temple
  4103 | Temple   | Became a worshipper of Ashenzari the Shackled
  4117 | D:6      | Found Oxut Lea's Assorted Antiques.
  4333 | D:6      | Found a white marble altar of Elyvilon.
  4744 | D:7      | Reached XP level 8. HP: 70/70 MP: 7/7
  4782 | D:7      | Reached skill level 7 in Shields
  4794 | D:7      | Found a glowing silver altar of Zin.
  4795 | D:7      | Found an opulent altar of Gozag.
  4837 | D:7      | Noticed a spriggan baker
  4850 | D:7      | Killed a spriggan baker
  5224 | D:7      | Found a blossoming altar of Fedhas.
  5745 | D:8      | Reached skill level 8 in Shields
  5921 | D:8      | Paralysed by a wasp for 2 turns
  5923 | D:8      | Reached XP level 9. HP: 74/80 MP: 8/8
  6163 | D:8      | Found a staircase to the Lair.
  6164 | D:8      | Noticed a komodo dragon
  6238 | D:8      | Killed a komodo dragon
  6825 | D:9      | Acquired Ashenzari's first power
  6912 | D:9      | Found a bloodstained altar of Trog.
  6931 | D:9      | Reached skill level 9 in Shields
  7238 | D:9      | Reached skill level 1 in Evocations
  7280 | D:9      | Reached XP level 10. HP: 64/89 MP: 12/12
  7744 | D:10     | Entered Level 10 of the Dungeon
  7871 | D:10     | Reached skill level 5 in Evocations
  8074 | D:10     | Found a staircase to the Orcish Mines.
  8107 | D:10     | Noticed Maud
  8476 | D:10     | Noticed Fannar
  8866 | Lair:1   | Entered Level 1 of the Lair of Beasts
  9084 | Lair:1   | Reached skill level 1 in Throwing
  9680 | Lair:2   | Found a shattered altar of Ashenzari.
  9719 | Lair:2   | Noticed a five-headed hydra
  9747 | Lair:2   | Noticed a seven-headed hydra
  9908 | Lair:2   | Reached skill level 5 in Throwing
 11061 | Lair:3   | Reached XP level 11. HP: 40/97 MP: 14/14
 11075 | Lair:3   | HP: 4/97 [poisoned by a spiny frog]
 11083 | Lair:3   | HP: 4/97 [poisoned by a spiny frog]
 11358 | Lair:3   | Noticed a five-headed hydra
 11453 | Lair:3   | Noticed a five-headed hydra
 12255 | D:8      | Noticed a troll
 12261 | D:8      | Killed a troll
 12318 | Orc:1    | Entered Level 1 of the Orcish Mines
 12652 | Orc:2    | Noticed Sonja
 12778 | Orc:3    | Noticed Erolcha
 12795 | Orc:3    | Killed Erolcha
 12815 | Orc:3    | Reached skill level 10 in Shields
 13107 | Orc:3    | Noticed Nergalle
 13143 | Orc:3    | HP: 4/99 [spectral orc warrior/long sword[Nergalle] (3)]
 13145 | Orc:3    | HP: 1/99 [spectral orc warrior/long sword[Nergalle] (2)]
 13147 | Orc:3    | Slain by Nergalle

Vault maps used:
D:1:      minmay_arrival_glassed_features, tso_metal_star
D:2:      serial_bayou_lagoon_b
D:3:      makhleb_heckhound_becter, yredelemnul_altar_generic, first_bread,
          uniq_terence
D:4:      vehumet_altar_wand_db, minmay_misc_feat_iff
D:6:      temple_statues, serial_shops,
          nicolae_shop_temple_entry_statues_fountains, minmay_misc_feat_tower,
          wad_floor_pattern_untrapped, elyvilon_altar_1
D:7:      grunt_temple_overflow_gold_and_silver, fedhas_altar_4, the_bakery,
          serial_park_tiny_1
D:8:      david_lair_shrubbed, water_boxes_lemuel
D:9:      trog_ov_bears_minmay
D:10:     hiddenorc1_lemuel, uniq_maud, uniq_fannar
Temple:   minmay_freezing_vapour_temple_12
Lair:1:   nicolae_quartered_pool_little, lemuel_fruit_fields
Lair:2:   basic_altar
Lair:3:   grunt_megastairs_1, lemuel_fruit_tree, lemuel_fruit_fields
Orc:1:    uniq_urug
Orc:2:    uniq_sonja
Orc:3:    nicolae_orc_pool_cavern, uniq_erolcha, uniq_nergalle

Action                   |  1- 3 |  4- 6 |  7- 9 | 10-12 || total
-------------------------+-------+-------+-------+-------++-------
Melee: War axe           |    99 |   130 |   383 |   574 ||  1186
 Fire: Blowgun           |       |       |       |    17 ||    17
Evoke: Wand              |       |       |       |     9 ||     9
  Use: Potion            |     4 |     2 |     3 |     2 ||    11
       Scroll            |     4 |     6 |     1 |     9 ||    20
  Eat: Meat ration       |     1 |       |     1 |     4 ||     6
       Fruit             |       |     3 |       |       ||     3
       Pizza             |       |     1 |       |     1 ||     2
       Beef jerky        |       |       |     5 |       ||     5
       Royal jelly       |       |       |       |     1 ||     1
